 Dungeon Crawl Stone Soup version 0.25.1-2-g60ff931df9 (webtiles) character file.

Game seed: 13078020309057042236

133739 Chimkentus the Fighter (level 17, -1/119 HPs)
             Began as an Octopode Transmuter on Aug 19, 2020.
             Was the Champion of Wu Jian.
             Shot with an arrow by a deep elf archer (19 damage)
             ... on level 1 of the Elven Halls on Aug 22, 2020.
             The game lasted 04:56:03 (32499 turns).

Chimkentus the Fighter (Octopode Transmuter)       Turns: 32499, Time: 04:56:04

Health: -1/119     AC:  3    Str: 22    XL:     17   Next: 15%
Magic:  28/29      EV: 45    Int: 28    God:    Wu Jian [******]
Gold:   1630       SH: 12    Dex: 30    Spells: 23/32 levels left

rFire    . . .     SeeInvis .   E - +8 rapier (protect)
rCold    + . .     Gourm    .   u - +3 buckler
rNeg     . . .     Faith    .   S - +2 hat
rPois    .         Spirit   .   q - amulet of the acrobat
rElec    .         Reflect  .   l - +6 ring of dexterity
rCorr    .         Harm     .   U - +6 ring of intelligence
MR       ++...                  t - +6 ring of dexterity
Stlth    ++++++....             f - ring of protection from cold
HPRegen  0.29/turn              h - +6 ring of strength
MPRegen  0.21/turn              s - ring "Rurchan" {MR+ Str+6}
                                M - +4 ring of evasion
                                P - +6 ring of intelligence

@: acrobat, very slightly contaminated
A: almost no armour, stealthy swim, amphibious, 8 rings, constrict 8, camouflage
1, gelatinous body 1
a: Wall Jump, Serpent's Lash, Heavenly Storm, Renounce Religion


You were on level 1 of the Elven Halls.
You worshipped Wu Jian.
Wu Jian was exalted by your worship.
You were hungry.

You visited 5 branches of the dungeon, and saw 25 of its levels.
You also visited: Gauntlet and Ice Cave.

You collected 3898 gold pieces.
You spent 2268 gold pieces at shops.

Inventory:

Hand Weapons
 j - the +10 flail of Benobb {vorpal, Dex+6}
   (You found it on level 2 of the Lair of Beasts)

   It inflicts extra damage upon your enemies.
   It affects your dexterity (+6).
 A - the +4 hunting sling of the Big Bang {vorpal, +Blink rElec rF+++ Dex-4}
   (You found it on level 4 of the Dungeon)

   Any stone fired from it inflicts extra damage.
   It affects your dexterity (-4).
   It renders you almost immune to fire.
   It insulates you from electricity.
   It lets you blink.
 E - a +8 rapier of protection (weapon)
Missiles
 a - 471 arrows
 k - 6 curare-tipped darts (quivered)
 p - 71 sling bullets
Armour
 u - a +3 buckler (worn)
 S - a +2 hat (worn)
Jewellery
 f - a ring of protection from cold (on tentacle)
 h - a +6 ring of strength (on tentacle)
 l - a +6 ring of dexterity (left tentacle)
 q - an amulet of the acrobat (around mantle)
 s - the ring "Rurchan" (on tentacle) {MR+ Str+6}
   (You found it in a Gauntlet)

   [ring of strength]

   It affects your strength (+6).
   It affects your resistance to hostile enchantments.
 t - a +6 ring of dexterity (on tentacle)
 F - an uncursed ring of flight
 K - an uncursed ring of positive energy
 M - a +4 ring of evasion (on tentacle)
 P - a +6 ring of intelligence (on tentacle)
 Q - an uncursed amulet of reflection
 U - a +6 ring of intelligence (right tentacle)
Wands
 d - a wand of polymorph (12)
 r - a wand of clouds (4)
 C - a wand of random effects (51)
 N - a wand of flame (50)
 Z - a wand of digging (4)
Scrolls
 e - a scroll of holy word
 i - a scroll of brand weapon
 v - a scroll of fear
 w - 2 scrolls of immolation
 x - 2 scrolls of blinking
 y - 2 scrolls of fog
 H - 9 scrolls of teleportation
 J - 12 scrolls of remove curse
 Y - 3 scrolls of magic mapping
Potions
 b - 5 potions of curing
 m - a potion of might
 n - 3 potions of resistance
 o - 2 potions of cancellation
 z - 4 potions of haste
 B - a potion of magic
 L - 2 potions of brilliance
 T - 4 potions of stabbing
 V - 5 potions of ambrosia
Miscellaneous
 D - a phial of floods (inert)
 I - a phantom mirror
 R - a box of beasts
Comestibles
 c - 42 rations
 g - 4 chunks of flesh


   Skills:
 * Level 12.0 Fighting
 + Level 10.9 Short Blades
 + Level 3.0 Maces & Flails
 + Level 7.3(7.6) Slings
 + Level 3.0(5.6) Throwing
 * Level 11.7 Dodging
 + Level 10.3 Stealth
 * Level 11.3 Shields
 + Level 3.2 Unarmed Combat
 + Level 8.0 Spellcasting
 * Level 10.9 Transmutations
 * Level 7.3 Earth Magic
 + Level 9.4 Evocations


You had 23 spell levels left.
You knew the following spells:

 Your Spells              Type           Power        Failure   Level  Hunger
a - Beastly Appendage     Tmut           ######       1%          1    None
b - Sticks to Snakes      Tmut           ######..     1%          2    None
c - Statue Form           Tmut/Erth      ######...    19%         6    ######.

Your spell library contained the following spells:

 Spells                   Type           Power        Failure   Level  Hunger
 Spider Form              Tmut/Pois      #####.....   1%          3    None
 Blade Hands              Tmut           ######....   1%          5    ####...
 Animate Skeleton         Necr           N/A          4%          1    None
 Magic Dart               Conj           ##..         4%          1    None
 Pain                     Necr           ##..         4%          1    None
 Ice Form                 Ice/Tmut       #####...     5%          4    ##.....
 Searing Ray              Conj           ##....       8%          2    None
 Leda's Liquefaction      Hex/Erth       ####......   11%         4    ##.....
 Dazzling Flash           Conj/Hex       ##....       14%         3    None
 Gell's Gravitas          Tloc           ##........   14%         3    None
 Portal Projectile        Hex/Tloc       ##....       14%         3    None
 Vampiric Draining        Necr           ##........   14%         3    None
 Animate Dead             Necr           N/A          43%         4    ##.....
 Fulminant Prism          Conj/Hex       ##........   43%         4    ##.....
 Iskenderun's Mystic Bla  Conj/Tloc      ##......     43%         4    ##.....
 Bolt of Magma            Conj/Fire/Erth ###.......   45%         5    ####...
 Agony                    Necr           ##......     80%         5    ####...
 Iskenderun's Battlesphe  Conj/Chrm      ##......     80%         5    ####...
 Metabolic Englaciation   Hex/Ice        ##........   80%         5    ####...
 Iron Shot                Conj/Erth      ####......   86%         6    ######.
 Dispersal                Tloc           ##........   100%        6    ######.
 Freezing Cloud           Conj/Ice/Air   ##........   100%        6    ######.
 Ozocubu's Refrigeration  Ice            ##........   100%        6    ######.
 Simulacrum               Ice/Necr       ##........   100%        6    ######.
 Orb of Destruction       Conj           ##........   100%        7    #######
 Spellforged Servitor     Conj/Summ      ##........   100%        7    #######
 Controlled Blink         Tloc           N/A          100%        8    #######
 Disjunction              Tloc           ##........   100%        8    #######
 Shatter                  Erth           ######....   100%        9    #######


Dungeon Overview and Level Annotations

Branches:
Dungeon (15/15)            Temple (1/1) D:5            Lair (6/6) D:9
  Swamp (0/4) Lair:3       Spider (0/4) Lair:3        Slime (0/5) Lair:5
    Orc (2/2) D:11            Elf (1/3) Orc:2        Vaults (0/5) D:13
 Depths (0/5) D:15          IceCv (visited)         Gauntlet (visited)

Altars:
Ashenzari
Cheibriados
Dithmenos
Elyvilon
Fedhas
Gozag
Hepliaklqana
Kikubaaqudgha
Makhleb
Nemelex Xobeh
Okawaru
Qazlal
Ru
Sif Muna
Trog
Uskayaw
Vehumet
Wu Jian
Xom
Yredelemnul
Zin
The Shining One
Beogh

Shops:
D:6 [   D:8 !   D:9 :   D:12 :   D:15 [   Orc:1 ?   Orc:2 [[*((

Annotations:
D:11 2 transporters
Lair:3 1 runed translucent door, Nopueh's ghost, journeyman DEAE


Innate Abilities, Weirdness & Mutations

You cannot wear most types of armour.
You are very stealthy in the water. (Stealth+)
You are amphibious.
You can wear up to eight rings at the same time.
You can use your tentacles to constrict eight enemies at once.
Your skin changes colour to match your surroundings (Stealth+).
Your rubbery body absorbs attacks. (AC +1, EV +1)


Message History

Your adder dies!
As you read the scroll of teleportation, it crumbles to dust.
You feel strangely unstable. Something hits your water moccasin!!
A deep elf knight comes into view. It is wielding a +0 scimitar.
Your surroundings suddenly seem different.
A deep elf knight comes into view.
It is wielding a +0 long sword, wearing the +3 leather armour of Disguise {Harm +Inv rN+ Str-3} and wearing a +2 buckler of fire resistance.
The deep elf archer unwields a +0 dagger.
The deep elf archer wields a +0 shortbow.
The deep elf archer shoots an arrow.
The arrow completely misses you.
The deep elf knight casts a spell at you.
You block the shard of ice.
A deep elf mage comes into view. It is wielding a +0 rapier.
The deep elf mage gestures at you while chanting.
The bolt of fire misses you.
Found an arrow.
You see here an arrow.
The deep elf archer shoots an arrow.
The arrow completely misses you.
Found an arrow.
The deep elf archer shoots an arrow.
The arrow hits you!!
You die...

#### (.# #### #.#
...# #@##...####
#..(......#
#..............#
##### #
##.###..ee.....#
##.... ##
#...e.....###.....
.##
...e..............
..##.
###.#...##.###.....
...... #.#...# #
#S....
.............e#
#.##.## #{##..


You could see a deep elf archer (repels missiles), 2 deep elf knights and a deep
elf mage.

Vanquished Creatures
  Frances (D:13)
  Agnes (Elf:1)
  A frost giant (IceCv)
  A minotaur (Gauntlet)
  7 ogre magi
  Josephine (D:11)
  An ice dragon (Lair:6)
  Harold (D:8)
  10 hydras
  3 centaur warriors
  A catoblepas (Lair:4)
  2 dancing weapons (Elf:1)
  26 two-headed ogres
  4 death yaks
  Urug (D:12)
  A queen ant (Gauntlet)
  Nergalle (Lair:3)
  Sonja (D:13)
  4 deep elf knights (Elf:1)
  4 deep elf archers (Elf:1)
  An unseen horror (D:11)
  A lindwurm (shapeshifter) (Elf:1)
  2 wizards (D:14)
  3 lindwurms
  An orc knight (Orc:2)
  6 orc sorcerers
  18 deep elf magi
  A moth of wrath (Gauntlet)
  A manticore (D:13)
  3 ugly things (D:12)
  2 cyclopes (D:14)
  10 elephants
  A naga mage (D:15)
  An ice statue (IceCv)
  5 torpor snails (Lair:6)
  8 black mambas
  2 gargoyles
  16 spiny frogs
  2 redback zombies
  4 rime drakes
  11 komodo dragons
  2 efreet
  A freezing wraith (D:15)
  7 trolls
  4 tyrant leeches
  Prince Ribbit (D:7)
  19 polar bears
  11 hornets
  17 blink frogs
  13 hippogriffs
  6 slime creatures
  3 shadows
  A water elemental (Elf:1)
  An air elemental (Elf:1)
  2 vampires
  3 redbacks (Gauntlet)
  5 wraiths (D:11)
  Eustachio (D:6)
  59 yaks
  3 wyverns
  4 fire elementals
  3 vampire mosquitoes (D:12)
  3 hungry ghosts
  A steam dragon (Lair:3)
  2 swamp worms (Lair:3)
  5 soldier ants
  5 wargs
  An acid dragon (D:12)
  7 porcupines
  3 ice beasts
  12 water moccasins
  3 hell hounds (D:14)
  24 orc warriors
  3 black bears
  4 sky beasts
  2 eyes of draining
  31 ogres
  2 phantoms
  13 wolves
  13 centaurs
  9 crocodiles
  A big kobold (D:14)
  A gnoll sergeant (D:8)
  12 bullfrogs
  6 killer bees (D:12)
  2 scorpions
  6 wights
  3 howler monkeys
  An electric eel (D:14)
  7 crimson imps
  2 quasits
  2 bullfrog zombies
  5 centaur zombies
  3 centaur skeletons
  4 jellies
  22 orc wizards
  Crazy Yiuf (D:7)
  17 orc priests
  2 bullfrog skeletons
  3 hounds
  2 iguanas
  9 worker ants
  2 hound skeletons
  6 gnolls
  19 adders
  8 shadow imps
  An adder zombie (D:5)
  6 worms
  2 dart slugs
  4 leopard geckos
  74 orcs
  3 bats
  5 giant cockroaches
  8 goblins
  6 hobgoblins
  11 jackals
  4 quokkas
  2 frilled lizards
  A jackal skeleton (D:5)
  9 kobolds
  2 leopard gecko skeletons (D:5)
  A quokka zombie (D:8)
  5 rats
  2 fungi
  A plant (Lair:6)
773 creatures vanquished.

Vanquished Creatures (collateral kills)
  Saint Roka (Orc:1)
  Azrael (D:14)
  3 two-headed ogres
  A death yak (IceCv)
  A deep elf knight (Elf:1)
  A polar bear (IceCv)
  A yak (IceCv)
  3 ogres
  A centaur (D:9)
  A wyvern zombie (D:13)
  A wight (D:15)
  A hound (D:7)
  A jelly (D:9)
  An iguana (D:7)
  2 orc wizards
  A gnoll (D:8)
  3 orcs (D:7)
  A kobold (D:14)
  A ball python (D:4)
26 creatures vanquished.

Vanquished Creatures (others)
  A polar bear (IceCv)
  An orc warrior (Orc:2)
  4 wolves (IceCv)
  An earth elemental (Elf:1)
  30 fungi
  37 plants
74 creatures vanquished.

Grand Total: 873 creatures vanquished

Notes
Turn   | Place    | Note
-------+----------+-------------------------------------------
     0 | D:1      | Chimkentus the Octopode Transmuter began the quest for the
                  | Orb.
     0 | D:1      | Reached XP level 1. HP: 13/13 MP: 3/3
   265 | D:1      | Reached XP level 2. HP: 18/18 MP: 1/5
   323 | D:1      | Learned a level 2 spell: Sticks to Snakes
  1861 | D:2      | Reached skill level 1 in Stealth
  1930 | D:2      | Found a snail-covered altar of Cheibriados.
  2020 | D:2      | Reached XP level 3. HP: 23/23 MP: 4/6
  2399 | D:2      | Found a shimmering altar of Xom.
  2486 | D:3      | Noticed a scorpion
  2617 | D:3      | Reached XP level 4. HP: 28/28 MP: 5/7
  2715 | D:3      | Reached XP level 5. HP: 28/34 MP: 2/8
  3033 | D:3      | Reached skill level 2 in Fighting
  3700 | D:4      | Reached skill level 1 in Shields
  3887 | D:4      | Reached skill level 1 in Throwing
  3887 | D:4      | Reached XP level 6. HP: 38/40 MP: 8/10
  3890 | D:4      | Got an ancient hunting sling
  3891 | D:4      | Identified the +4 hunting sling of the Big Bang {vorpal,
                  | +Blink rElec rF+++ Dex-4} (You found it on level 4 of the
                  | Dungeon)
  4227 | D:5      | Entered Level 5 of the Dungeon
  4485 | D:5      | Reached skill level 1 in Short Blades
  4485 | D:5      | Reached XP level 7. HP: 45/45 MP: 11/11
  4531 | D:5      | Reached skill level 1 in Slings
  4627 | D:5      | Reached skill level 3 in Fighting
  4801 | D:5      | Found a staircase to the Ecumenical Temple.
  4810 | Temple   | Entered the Ecumenical Temple
  5019 | Temple   | Became a worshipper of the Wu Jian Council
  5588 | D:6      | Reached XP level 8. HP: 52/52 MP: 12/12
  5841 | D:6      | Found Myn Ubb's Antique Armour Emporium.
  6038 | D:6      | Noticed Eustachio
  6070 | D:6      | Killed Eustachio
  6385 | D:7      | Reached * piety under Wu Jian
  6389 | D:7      | Reached skill level 4 in Fighting
  6609 | D:7      | Reached skill level 5 in Transmutations
  6906 | D:7      | Reached skill level 5 in Fighting
  7005 | D:7      | Reached XP level 9. HP: 57/61 MP: 14/14
  7056 | D:7      | Noticed Prince Ribbit
  7062 | D:7      | Killed Prince Ribbit
  7333 | D:7      | Found a runed translucent door.
  7334 | D:7      | Noticed Crazy Yiuf
  7342 | D:7      | Killed Crazy Yiuf
  7569 | D:8      | Reached ** piety under Wu Jian
  7639 | D:8      | Noticed a two-headed ogre
  7650 | D:8      | Killed a two-headed ogre
  7650 | D:8      | Reached skill level 5 in Dodging
  7650 | D:8      | Reached skill level 1 in Evocations
  7895 | D:8      | Found Baobud's Distillery.
  7898 | D:8      | Bought a potion of heal wounds for 75 gold pieces
  7898 | D:8      | Bought a potion of invisibility for 120 gold pieces
  7898 | D:8      | Bought a potion of haste for 150 gold pieces
  7898 | D:8      | Bought a potion of curing for 45 gold pieces
  7905 | D:8      | Noticed Harold
  7927 | D:8      | Killed Harold
  7927 | D:8      | Reached skill level 6 in Fighting
  7927 | D:8      | Reached XP level 10. HP: 52/68 MP: 13/16
  8654 | D:9      | Reached skill level 5 in Shields
  8779 | D:9      | Reached skill level 5 in Short Blades
  8882 | D:9      | Found a staircase to the Lair.
  8919 | D:9      | Reached skill level 5 in Stealth
  9047 | D:9      | Found Ebbiusmoa's Book Boutique.
  9052 | D:9      | Reached *** piety under Wu Jian
  9423 | D:10     | Entered Level 10 of the Dungeon
  9582 | D:10     | Reached skill level 7 in Fighting
  9751 | D:10     | Reached XP level 11. HP: 75/75 MP: 18/18
 10486 | D:11     | Reached skill level 5 in Evocations
 10538 | D:11     | Noticed a two-headed ogre
 10545 | D:11     | Killed a two-headed ogre
 10655 | D:12     | Reached skill level 5 in Spellcasting
 10672 | D:12     | Reached **** piety under Wu Jian
 10751 | D:12     | Found a gate leading to a gauntlet.
 10758 | Gauntlet | Entered a Gauntlet
 10758 | Gauntlet | Found a runed translucent gate.
 10758 | Gauntlet | Found a transporter.
 10758 | Gauntlet | Found a runed translucent gate.
 10758 | Gauntlet | Found a runed translucent gate.
 10758 | Gauntlet | Found a transporter.
 10758 | Gauntlet | Noticed a queen ant
 10770 | Gauntlet | Found a transporter.
 10788 | Gauntlet | Found a transporter.
 10788 | Gauntlet | Found a transporter.
 10788 | Gauntlet | Found a transporter.
 10788 | Gauntlet | Noticed a moth of wrath
 10790 | Gauntlet | Found a transporter.
 10790 | Gauntlet | Found a transporter.
 10793 | Gauntlet | Noticed a wizard
 10793 | Gauntlet | Noticed a wizard
 10802 | Gauntlet | Found a transporter.
 10802 | Gauntlet | Noticed a moth of wrath
 10818 | Gauntlet | Found a transporter.
 10828 | Gauntlet | Found a transporter.
 10830 | Gauntlet | Found the +8 storm bow {elec, penet}
 10831 | Gauntlet | Noticed a moth of wrath
 10842 | Gauntlet | Found a transporter.
 10862 | Gauntlet | Found a transporter.
 10871 | Gauntlet | Noticed a queen ant
 10873 | Gauntlet | Found a transporter.
 10978 | Gauntlet | Killed a queen ant
 10978 | Gauntlet | Reached skill level 8 in Fighting
 11075 | Gauntlet | Got a bound pewter ring
 11088 | Gauntlet | HP: 3/115 [redback (10)]
 11093 | Gauntlet | Killed a moth of wrath
 11104 | Gauntlet | Identified the ring "Rurchan" {MR+ Str+6} (You found it in
                  | a Gauntlet)
 11261 | Gauntlet | Noticed a minotaur
 11268 | Gauntlet | Killed a minotaur
 11298 | D:12     | Noticed a five-headed hydra
 11312 | D:12     | Killed a five-headed hydra
 11366 | D:12     | Found Veer's Book Shop.
 11507 | D:12     | Noticed a white ugly thing
 11523 | D:12     | Killed a white ugly thing
 11523 | D:12     | Reached XP level 12. HP: 84/84 MP: 19/19
 11937 | D:12     | Noticed a two-headed ogre
 12014 | D:12     | Killed a two-headed ogre
 12356 | D:11     | Found a transporter.
 12475 | Lair:1   | Entered Level 1 of the Lair of Beasts
 12730 | Lair:1   | Noticed an eight-headed hydra
 12736 | Lair:1   | Killed an eight-headed hydra
 12765 | Lair:1   | Reached ***** piety under Wu Jian
 12769 | Lair:1   | Reached skill level 9 in Fighting
 12972 | Lair:1   | Noticed a four-headed hydra
 12981 | Lair:1   | Killed a four-headed hydra
 13103 | Lair:1   | Reached XP level 13. HP: 75/90 MP: 20/22
 13850 | Lair:2   | Got a bloodstained flail
 14486 | Lair:3   | Found a hole to the Spider Nest.
 14623 | Lair:3   | Noticed Nergalle
 14641 | Lair:3   | Killed Nergalle
 15866 | Lair:3   | Found a runed translucent door.
 15866 | Lair:3   | Noticed Nopueh's ghost (journeyman DEAE)
 16123 | Lair:3   | Found a staircase to the Swamp.
 16179 | Lair:3   | Reached skill level 5 in Slings
 16891 | Lair:4   | Reached skill level 10 in Fighting
 17726 | Lair:5   | Learned a level 6 spell: Statue Form
 17757 | Lair:5   | Reached XP level 14. HP: 81/99 MP: 23/23
 18070 | Lair:5   | Reached skill level 1 in Earth Magic
 18641 | Lair:5   | Found a staircase to the Slime Pits.
 18709 | Lair:6   | Entered Level 6 of the Lair of Beasts
 19283 | Lair:6   | Reached ****** piety under Wu Jian
 20220 | Lair:6   | Reached skill level 10 in Dodging
 20502 | Lair:6   | Found a runed translucent door.
 22003 | Lair:3   | Identified the +10 flail of Benobb {vorpal, Dex+6} (You
                  | found it on level 2 of the Lair of Beasts)
 22155 | D:8      | Bought a potion of might for 60 gold pieces
 22155 | D:8      | Bought 2 potions of curing for 90 gold pieces
 22155 | D:8      | Bought a potion of curing for 45 gold pieces
 22155 | D:8      | Bought 2 potions of resistance for 300 gold pieces
 22439 | D:11     | Found a staircase to the Orcish Mines.
 22469 | D:11     | Reached XP level 15. HP: 105/105 MP: 25/25
 22960 | D:11     | Found a transporter.
 23015 | D:11     | Noticed Josephine
 23075 | D:11     | Killed Josephine
 23233 | Orc:1    | Entered Level 1 of the Orcish Mines
 23249 | Orc:1    | Found Baonunin's Magic Scroll Shop.
 23258 | Orc:1    | Bought a scroll of teleportation for 48 gold pieces
 23258 | Orc:1    | Bought a scroll of blinking for 120 gold pieces
 23258 | Orc:1    | Bought a scroll of teleportation for 48 gold pieces
 23258 | Orc:1    | Bought a scroll of identify for 32 gold pieces
 23259 | Orc:1    | Bought a scroll of identify for 32 gold pieces
 23259 | Orc:1    | Identified a scroll of acquirement
 23260 | Orc:1    | Acquired 640 gold pieces
 23714 | Orc:1    | Found a roughly hewn altar of Beogh.
 24024 | Orc:2    | Entered Level 2 of the Orcish Mines
 24320 | Orc:2    | Reached skill level 10 in Short Blades
 24654 | Orc:2    | Reached skill level 10 in Shields
 24735 | Orc:2    | Reached skill level 11 in Fighting
 24791 | Orc:2    | Reached skill level 1 in Maces & Flails
 24818 | Orc:2    | Found a staircase to the Elven Halls.
 24822 | Orc:2    | Reached skill level 5 in Earth Magic
 24999 | Orc:2    | Found Jygo's Antique Armour Shop.
 25332 | Orc:2    | Found Oqaatz's Assorted Antiques.
 25354 | Orc:2    | Found Xeono's Armour Emporium.
 25355 | Orc:2    | Found Sujirux's Weapon Shoppe.
 25355 | Orc:2    | Found Fiel's Antique Weapon Shop.
 25362 | Orc:2    | Bought a potion of might for 84 gold pieces
 25507 | Orc:2    | Noticed Saint Roka
 25649 | Orc:1    | Killed Saint Roka
 26354 | Orc:2    | Bought a crooked ivory wand for 84 gold pieces
 26354 | Orc:2    | Bought a notched golden ring for 105 gold pieces
 26354 | Orc:2    | Bought a moonstone ring for 105 gold pieces
 26354 | Orc:2    | Bought a blackened cameo amulet for 105 gold pieces
 26362 | Orc:2    | Bought a box of beasts for 420 gold pieces
 26414 | Orc:1    | Bought a scroll of identify for 32 gold pieces
 26414 | Orc:1    | Bought a scroll of magic mapping for 56 gold pieces
 26414 | Orc:1    | Bought a scroll of magic mapping for 56 gold pieces
 26414 | Orc:1    | Bought a scroll of magic mapping for 56 gold pieces
 26495 | D:13     | Found a frozen archway.
 26509 | IceCv    | Entered an ice cave
 26615 | IceCv    | Reached skill level 10 in Transmutations
 26723 | IceCv    | Reached XP level 16. HP: 27/112 MP: 27/27
 28136 | D:14     | Noticed Azrael
 28156 | D:13     | Noticed Frances
 28157 | D:13     | Found a gate to the Vaults.
 28467 | D:13     | Noticed Sonja
 28489 | D:13     | Killed Sonja
 29043 | D:13     | Noticed Urug
 29200 | D:12     | Killed Urug
 29286 | D:13     | Killed Frances
 29578 | D:14     | Paralysed by a wizard for 3 turns
 29852 | D:14     | Killed Azrael
 30021 | D:15     | Entered Level 15 of the Dungeon
 30096 | D:15     | Found Zaschupu's Armour Shop.
 30720 | D:15     | Found a staircase to the Depths.
 30732 | D:15     | Reached skill level 10 in Stealth
 31107 | Elf:1    | Entered Level 1 of the Elven Halls
 31293 | Elf:1    | Noticed Agnes
 31295 | Elf:1    | Killed Agnes
 31815 | Elf:1    | Reached XP level 17. HP: 119/119 MP: 28/28
 32373 | Elf:1    | Identified the cursed +1 ring mail of Mefurud {Stlth+}
 32464 | Elf:1    | Reached skill level 12 in Fighting
 32497 | Elf:1    | Identified the +3 leather armour of Disguise {Harm +Inv rN+
                  | Str-3}
 32499 | Elf:1    | Shot with an arrow by a deep elf archer

Illustrated notes

Levels and vault maps discovered:
D:1:      wheals_arrival_shading, layout_basic, minmay_misc_feat_x,
          minmay_liquid_box
D:2:      layout_loops_cross, lemuel_crystal_altar, cheibriados_altar_1
D:3:      wad_lake_hut, layout_basic, serial_bayou, serial_bayou_shore_b,
          serial_bayou_pond_d, serial_bayou_shore_b, serial_bayou_ford_a,
          first_ration
D:4:      layout_cave_pools, serial_bayou_pond_a
D:5:      layout_basic, minmay_temple_entry_statues_pillars
D:6:      layout_loops_ring, serial_shops, shop, eino_tiny_chamber,
          uniq_eustachio
D:7:      layout_loops_ring, uniq_prince_ribbit1, uniq_crazy_yiuf_cottage
D:8:      layout_cave_pools, serial_shops, nicolae_shop_behind_doors,
          uniq_harold
D:9:      layout_irregular_city, erik_lair_orcish_takeover, serial_shops, shop,
          kb_lookout_dungeons_type
D:10:     layout_loops_ring, serial_rivers, chequers_serial_rivers_small_3,
          chequers_serial_rivers_room_a, chequers_serial_rivers_small_3,
          chequers_serial_rivers_micro_b, chequers_serial_rivers_micro_a
D:11:     gammafunk_jiyva_shrine, layout_irregular_city, erik_orc_4,
          uniq_josephine
D:12:     layout_basic, gauntlet_entry_generic, serial_shops, shop_fountains
D:13:     layout_cave_pools, david_vaults_2, portal_ice_cave_rime, uniq_urug,
          uniq_sonja, uniq_frances
D:14:     layout_roguey, serial_bayou_lagoon_a, uniq_azrael
D:15:     grunt_enter_depths_magical_seal, layout_rooms, abandoned_shop,
          serial_shops, nicolae_shop_window_shopping, nrook_campfire
Temple:   minmay_crystal_snake_temple
Lair:1:   layout_roguey, grunt_megastairs_5, infiniplex_staircase_pool_2
Lair:2:   layout_regular_city
Lair:3:   layout_regular_city, minmay_swamp_entry_worms, dummy_spider_entry,
          gammafunk_ghost_grave, serial_rivers, chequers_serial_rivers_micro_b,
          chequers_serial_rivers_micro_e, chequers_serial_rivers_small_3,
          chequers_serial_rivers_room_b, chequers_serial_rivers_micro_e,
          chequers_serial_rivers_micro_e, grunt_forest_stairs_basic,
          st_stairs_3, chequers_serial_rivers_marsh,
          hangedman_lair_generics_rect, uniq_nergalle
Lair:4:   layout_hall_layers
Lair:5:   layout_misc_corridors, dpeg_slime_entry_corner,
          gammafunk_lair_bear_cave
Lair:6:   wormcave, layout_loops_ring, guppyfry_lair_drakes, grunt_megastairs_1,
          serial_bayou_shore_a
Orc:1:    layout_diamond_mine, basic_altar, serial_shops,
          nicolae_shop_temple_entry_statues_fountains
Orc:2:    st_orc_ogre_mass, layout_caves, serial_shops, shop, uniq_saint_roka
Elf:1:    eino_elf_arrival_customs, layout_loops_corners, orc_legates,
          uniq_agnes

Skill      XL: |  1  2  3  4  5  6  7  8  9 10 11 12 13 14 15 16 17 |
---------------+----------------------------------------------------+-----
Stealth        | 1 2 3 4 5 6 7 8 9 10 | 10.3
Fighting       | 2 3 5 6 7 8 9 10 11 12 | 12.0
Shields        | 1 2 3 4 5 6 7 8 9 10 11 | 11.3
Transmutations | 3 4 5 6 7 8 9 10 | 10.9
Throwing       | 1 2 3 |  3.0
Dodging        | 3 4 5 6 7 8 9 10 11 | 11.7
Short Blades   | 1 2 4 5 6 7 8 9 10 | 10.9
Slings         | 2 5 6 7 |  7.3
Spellcasting   | 3 4 5 6 7 8 |  8.0
Evocations     | 2 4 6 7 9 |  9.4
Earth Magic    | 3 5 7 |  7.3
Maces & Flails | 2 3 |  3.0
Unarmed Combat | |  3.2

Action                   |  1- 3 |  4- 6 |  7- 9 | 10-12 | 13-15 | 16-18 || total
-------------------------+-------+-------+-------+-------+-------+-------++-------
Melee: Unarmed           |     7 |       |       |       |       |       ||     7
       Constrict         |    23 |    19 |    20 |    47 |    98 |    44 ||   251
       Tentacles         |    13 |    19 |    25 |   120 |   364 |   153 ||   694
       Kick              |    20 |    22 |    37 |   159 |   426 |   172 ||   836
       Club              |    51 |       |       |       |       |       ||    51
       Dagger            |     2 |    51 |    18 |       |       |       ||    71
       Punch             |       |     3 |     2 |    18 |    47 |     9 ||    79
       Falchion          |       |    13 |     1 |       |       |       ||    14
       Rapier            |       |       |    92 |   386 |   770 |   343 ||  1591
       Hunting sling     |       |       |       |       |     6 |     1 ||     7
       Flail             |       |       |       |       |    93 |    25 ||   118
 Fire: Hunting sling     |       |    25 |   157 |   167 |   369 |    85 ||   803
Throw: Dart              |    15 |    18 |     1 |     4 |       |     4 ||    42
       Boomerang         |       |       |       |    13 |       |       ||    13
       Javelin           |       |       |       |     6 |    33 |    16 ||    55
 Cast: Beastly Appendage |    18 |    17 |    17 |    39 |    90 |    45 ||   226
       Sticks to Snakes  |     1 |     3 |    16 |    18 |    41 |    33 ||   112
Invok: Lunge             |       |       |     7 |    12 |    39 |    41 ||    99
       Whirlwind         |       |       |     3 |    29 |    63 |     9 ||   104
       Serpent's Lash    |       |       |       |     3 |     1 |       ||     4
 Abil: Wall Jump         |       |       |     5 |    46 |    85 |    19 ||   155
Evoke: Phial of floods   |       |       |       |     1 |     3 |     3 ||     7
       Wand              |       |       |       |       |    44 |    18 ||    62
  Use: Scroll            |    11 |     5 |     6 |    11 |    20 |     7 ||    60
       Potion            |       |       |     1 |    15 |     8 |     2 ||    26
 Stab: Sleeping          |     5 |     4 |     4 |    31 |    31 |    34 ||   109
       Distracted        |       |       |     3 |       |     8 |     9 ||    20
  Eat: Chunk             |     6 |     6 |    13 |    17 |    40 |    11 ||    93
       Ration            |       |       |       |       |     1 |     2 ||     3
Armor: Skin              |     3 |     4 |     6 |    58 |    38 |    16 ||   125
Dodge: Dodged            |    29 |    32 |    56 |   205 |   499 |   194 ||  1015
Block: Buckler           |     1 |    12 |    33 |   182 |   356 |   128 ||   712
       Rpst.: Falchion   |       |     5 |     1 |       |       |       ||     6
